Workbook

Sheet Anziani
A1: Servizi erogati ad anziani
A2: Struttura Polifunzionale "Villa Letizia"
A3: - ENTRATE -
A4: Descrizione | B4: Importo In Euro
A5: Proventi Utenti | B5: ='Rendiconto Villa Letizia'!K8+0.39 -> 906395
A6: Proventi Comune | B6: ='Rendiconto Villa Letizia'!K11 -> 22975
A7: Proventi Asur | B7: ='Rendiconto Villa Letizia'!K10+0.29 -> 805260
A8: Totale | B8: =SUM(B5:B7) -> 1734630
A10: - USCITE -
A11: Descrizione | B11: Importo In Euro
A12: Costi di funzionamento diretto | B12: ='Rendiconto Villa Letizia'!D122-0.46 -> 1529895
A13: (Include il costo della gestione globale affidata alla nostra in-house)
A14: Costi di funzionamento indiretto | B14: ='Rendiconto Villa Letizia'!D124-0.49 -> 149894 | H14: =B8-B17 -> 30616.003
A15: di cui costi del personale Euro 152.694,00 | H15: 3924.8
A16: Imposte e tasse | B16: ='Rendiconto Villa Letizia'!D126-0.36 -> 24225 | H16: 1.63
A17: Totale | B17: =SUM(B12:B16)-0.01 -> 1704014 | H17: 1515.36
H18: 25520.32
H19: 127.5
H20: 4192.37
H21: 4.08
H22: 18414.83
H23: 17
H24: 144.49
H25: 5000
H26: =SUM(H14:H25) -> 89478.383

Sheet Rendiconto Villa Letizia
B1: PAOLO RICCI TOTALE
B2: CASA DI RIPOSO "VILLA LETIZIA"
B3: Periodo di competenza dal 01/01/2020 al 31/12/2020
B4: COSTI | G4: RICAVI
B5: DESCRIZIONE | C5: A.S.P. | D5: S.R.L. | E5: AMM. | F5: SALDO | G5: DESCRIZIONE | H5: A.S.P. | I5: S.R.L. | J5: AMM. | K5: SALDO
B7: COSTI DELLA PRODUZIONE | G7: VALORE DELLA PRODUZIONE
B8: Generi alimentari | E8: 0 | F8: =SUM(C8:E8) -> 0 | G8: Ricavi per quota ospiti/famiglie | H8: =918010.26-11615.65 -> 906394.61 | J8: 0 | K8: =SUM(H8:J8) -> 906394.61
B9: Prodotti igiene e pulizia | D9: 69318.71 | E9: 164.1333 | F9: =SUM(C9:E9) -> 69482.843 | G9: Ricavi per quota Comune | J9: 0 | K9: =SUM(H9:J9) -> 0
B10: Materiali di consumo | D10: 1060.21 | E10: 43.3551 | F10: =SUM(C10:E10) -> 1103.5651 | G10: Ricavi per quota Asur | H10: 805259.71 | J10: 0 | K10: =SUM(H10:J10) -> 805259.71
B11: Materiali di manutenzione | D11: 985.06 | E11: 0 | F11: =SUM(C11:E11) -> 985.06 | G11: Ricavi per attività diverse | H11: 22500 | I11: 475 | J11: 0 | K11: =SUM(H11:J11) -> 22975
B12: Acquisti vari | D12: 4189.78 | E12: 123.6325 | F12: =SUM(C12:E12) -> 4313.4125 | G12: Ricavi per prestazioni ambulatoriali Asur | J12: 0 | K12: =SUM(H12:J12) -> 0
B13: Cancelleria | D13: 184.44 | E13: 332.7342 | F13: =SUM(C13:E13) -> 517.1742 | G13: Ricavi per visite specialistiche a pagamento | J13: 0 | K13: =SUM(H13:J13) -> 0
B14: Carburanti e lubrificanti | D14: 208.78 | E14: 481.5029 | F14: =SUM(C14:E14) -> 690.2829 | G14: Ricavi per prestazioni terapia fisica a pagamento | J14: 0 | K14: =SUM(H14:J14) -> 0
B15: Indumenti di lavoro | D15: 1121.99 | E15: 0 | F15: =SUM(C15:E15) -> 1121.99 | G15: Ricavi per prestazioni trattamenti fisioterapici | J15: 0 | K15: =SUM(H15:J15) -> 0
B16: Acquisti di materiale didattico | D16: 53.28 | E16: 0 | F16: =SUM(C16:E16) -> 53.28 | G16: Ricavi per prestazioni logopediche a pagamento | J16: 0 | K16: =SUM(H16:J16) -> 0
B17: Materiale per valutazioni terapeutiche | E17: 0 | F17: =SUM(C17:E17) -> 0 | G17: Ricavi per prestazioni psicomotricità a pagamento | J17: 0 | K17: =SUM(H17:J17) -> 0
B18: Beni di costo unitario non superiore a Euro | C18: 357.41 | E18: 142.8323 | F18: =SUM(C18:E18) -> 500.2423 | G18: Ricavi per prestazioni consulenze psicologiche a pagamento | J18: 0 | K18: =SUM(H18:J18) -> 0
B19: Beni amm.li costo unitario < € 516,46 | D19: 204.88 | E19: 0 | F19: =SUM(C19:E19) -> 204.88 | G19: Ricavi per valutazioni multispecialistica dell'età evolutiva | J19: 0 | K19: =SUM(H19:J19) -> 0
G20: Ricavi per prestazioni semiresidenziali Asur | J20: 0 | K20: =SUM(H20:J20) -> 0
B21: COSTI PER SERVIZI | G21: Ricavi per utilizzo locali uso ristorazione | I21: 3924.8 | J21: 0 | K21: =SUM(H21:J21) -> 3924.8
B22: Energia Elettrica | D22: 18875.19 | E22: 0 | F22: =SUM(C22:E22) -> 18875.19 | G22: Ricavi per prestazioni residenziali Asur | J22: 0 | K22: =SUM(H22:J22) -> 0
B23: Gas Metano | D23: 23995.2 | E23: 0 | F23: =SUM(C23:E23) -> 23995.2 | G23: Ricavi assistenza scolastica presso asili nido | J23: 0 | K23: =SUM(H23:J23) -> 0
B24: Acqua | D24: 14338 | E24: 0 | F24: =SUM(C24:E24) -> 14338 | G24: Ricavi per corsi di formazione | J24: 0 | K24: =SUM(H24:J24) -> 0
B25: Manutenzione esterna fabbricati e terreni | E25: 0 | F25: =SUM(C25:E25) -> 0 | G25: Ricavi per prestazioni attività domiciliari | J25: 0 | K25: =SUM(H25:J25) -> 0
B26: Manutenzione esterna macchinari, impianti ... | C26: 2245.41 | E26: 567.7405 | F26: =SUM(C26:E26) -> 2813.1505 | G26: Ricavi per Contributo Regione Marche Gestione CO. | J26: 0 | K26: =SUM(H26:J26) -> 0
B27: Consulenze | E27: 6149.4134 | F27: =SUM(C27:E27) -> 6149.4134
B28: Servizi di pulizia e sanificazione | D28: 660.64 | E28: 0 | F28: =SUM(C28:E28) -> 660.64 | G28: ALTRI RICAVI E PROVENTI
B29: Spese per la tutela della salute e della sicurezza sul luogo di lavoro | D29: 952.88 | E29: 2983.2756 | F29: =SUM(C29:E29) -> 3936.1556 | G29: Acquisti in omaggio | J29: 0 | K29: =SUM(H29:J29) -> 0
B30: Pubblicità (non materiale pubblicitario) | E30: 548.1718 | F30: =SUM(C30:E30) -> 548.1718 | G30: Arrotondamenti attivi | I30: 1.13 | J30: 0.4981 | K30: =SUM(H30:J30) -> 1.6281
B31: Spese per automezzi (manutenzione, assicurazione) | C31: 420.25 | E31: 268.9502 | F31: =SUM(C31:E31) -> 689.2002 | G31: Rimborsi diversi | J31: 0 | K31: =SUM(H31:J31) -> 0
B32: Servizi amministrativi | D32: 25 | E32: 141.27 | F32: =SUM(C32:E32) -> 166.27 | G32: Bolli e spese su fatture vendita | J32: 0 | K32: =SUM(H32:J32) -> 0
B33: Spese legali e consulenze | E33: 0 | F33: =SUM(C33:E33) -> 0 | G33: Rimborsi per infortuni Inail | J33: 0 | K33: =SUM(H33:J33) -> 0
B34: Spese telefoniche | D34: 164.15 | E34: 2914.0482 | F34: =SUM(C34:E34) -> 3078.1982 | G34: Imposta di bollo assolta in modo virtuale su fatture vendita | H34: =1520-6 -> 1514 | J34: 1.36 | K34: =SUM(H34:J34) -> 1515.36
B35: Assicurazioni diverse | E35: 9073.3692 | F35: =SUM(C35:E35) -> 9073.3692 | G35: Sopravvenienze attive | H35: 25400 | J35: 120.3175 | K35: =SUM(H35:J35) -> 25520.318
B36: Manutenzione Automezzi | E36: 0 | F36: =SUM(C36:E36) -> 0 | G36: Fitti attivi | J36: 0 | K36: =SUM(H36:J36) -> 0
B37: Spese attivita' ricreative e promozionali | E37: 0 | F37: =SUM(C37:E37) -> 0 | G37: Indennità conseguita a titolo di risarcimento | J37: 127.5 | K37: =SUM(H37:J37) -> 127.5
B38: Servizio Cucina Esternalizzato | D38: 199402.04 | E38: 0 | F38: =SUM(C38:E38) -> 199402.04 | G38: Contributi Covid-19 non imponibili | J38: 4192.37 | K38: =SUM(H38:J38) -> 4192.37
B39: Servizio smaltimento rifiuti | D39: 1207.75 | E39: 0 | F39: =SUM(C39:E39) -> 1207.75 | G39: Recupero imposta di bollo virtuale | J39: 4.08 | K39: =SUM(H39:J39) -> 4.08
B40: Servizio di lavaggio biancheria | D40: 14468 | E40: 0 | F40: =SUM(C40:E40) -> 14468 | G40: Addebito costi personale distaccato | I40: 18414.83 | J40: 0 | K40: =SUM(H40:J40) -> 18414.83
B41: Compensi agli amministratori | E41: 989.859 | F41: =SUM(C41:E41) -> 989.859 | G41: Contributo in c/esercizio | J41: 0 | K41: =SUM(H41:J41) -> 0
B42: Servizio di derattizzazione e disinfestazione | D42: 360 | E42: 0 | F42: =SUM(C42:E42) -> 360
B43: Contratti periodici di Manutenzione | C43: 903.82 | E43: 116.6625 | F43: =SUM(C43:E43) -> 1020.4825 | G43: ALTRI PROVENTI FINANZIARI
B44: Assistenza Hardware e Software | E44: 8693.392 | F44: =SUM(C44:E44) -> 8693.392 | G44: Interessi attivi da altri crediti | J44: 0 | K44: =SUM(H44:J44) -> 0
B45: Collaborazioni Professionali | D45: 1115.28 | E45: 1246.2666 | F45: =SUM(C45:E45) -> 2361.5466 | G45: Contributi e offerte | J45: 17 | K45: =SUM(H45:J45) -> 17
B46: Prestazioni occasionali | D46: 107.5 | E46: 325.1301 | F46: =SUM(C46:E46) -> 432.6301 | G46: Interessi attivi su depositi bancari e postali | J46: 144.4932 | K46: =SUM(H46:J46) -> 144.4932
B47: Costi per aggiornamento professionale | C47: 600 | D47: 70.58 | E47: 180.0334 | F47: =SUM(C47:E47) -> 850.6134
B48: Spese condominiali | E48: 0 | F48: =SUM(C48:E48) -> 0 | G48: VARIAZIONE DELLE RIMANENZE
B49: Assistenza scolastica presso asili nido | E49: 0 | F49: =SUM(C49:E49) -> 0 | G49: Variazione delle rimanenze materiali di consumo | I49: 5000 | J49: 0 | K49: =SUM(H49:J49) -> 5000
B50: Spese generali corsi di formazione | E50: 0 | F50: =SUM(C50:E50) -> 0
B51: Soggiorni (albergo, ristorante, bar…) | E51: 0 | F51: =SUM(C51:E51) -> 0
B52: Spese postali e di affrancatura | D52: 9.15 | E52: 187.9639 | F52: =SUM(C52:E52) -> 197.1139
B53: Pubblicazioni, riviste e testi | E53: 114.8945 | F53: =SUM(C53:E53) -> 114.8945
B54: Servizi di vigilanza | E54: 0 | F54: =SUM(C54:E54) -> 0
B55: Costo Convenzione Struttura Polifunzionale | C55: 13781.7 | E55: 0 | F55: =SUM(C55:E55) -> 13781.7
B56: Valori bollati | E56: 210.8 | F56: =SUM(C56:E56) -> 210.8
B57: Gestione globale dei servizi alla persona | E57: 4.08 | F57: =SUM(C57:E57) -> 4.08
B59: COSTI PER GODIMENTO BENI DI TERZI
B60: Affitti e locazioni | E60: 0 | F60: =SUM(C60:E60) -> 0
B61: Noleggi macchine elettroniche ufficio | D61: 300 | E61: 130.05 | F61: =SUM(C61:E61) -> 430.05
B62: Manutenzione su beni di terzi | E62: 0 | F62: =SUM(C62:E62) -> 0
B63: Noleggio attrezzature | E63: 122.8335 | F63: =SUM(C63:E63) -> 122.8335
B64: Noleggio cellulari | E64: 3.0617 | F64: =SUM(C64:E64) -> 3.0617
B66: COSTI PER IL PERSONALE
B67: Retribuzioni lorde | C67: =62445.5-17377.2 -> 45068.3 | D67: 619643.77 | E67: 71493.544 | F67: =SUM(C67:E67) -> 736205.61
B68: Oneri previdenziali e assistenziali a carico ente | C68: =16572.5-4135.77 -> 12436.73 | D68: 175177.25 | E68: 18965.149 | F68: =SUM(C68:E68) -> 206579.13
B69: Contributi Inail personale | C69: 2075.57 | D69: 7517.99 | E69: 538.5039 | F69: =SUM(C69:E69) -> 10132.064
B70: Tfr | D70: 46012.25 | E70: 2271.6692 | F70: =SUM(C70:E70) -> 48283.919
B71: Rimborsi a piè di lista al personale | D71: 495 | E71: 62.679 | F71: =SUM(C71:E71) -> 557.679
B72: Servizio Civile | E72: 51.68 | F72: =SUM(C72:E72) -> 51.68
B73: Costi personale distaccato | D73: 161555.45 | E73: 0 | F73: =SUM(C73:E73) -> 161555.45
B75: AMMORTAMENTI E SVALUTAZIONI
B76: Amm.to immobilizzazioni immateriali | E76: 2000.6722 | F76: =SUM(C76:E76) -> 2000.6722
B77: Amm.to fabbricati e materiali | E77: 8274.3284 | F77: =SUM(C77:E77) -> 8274.3284
B78: Accantonamento a fondo per rischi vari | C78: 40196 | E78: 0 | F78: =SUM(C78:E78) -> 40196
B79: Svalutazione crediti | E79: 0 | F79: =SUM(C79:E79) -> 0
B81: VARIAZIONI RIMANENZE MATERIE PRIME ECC
B82: ONERI DIVERSI DI GESTIONE
B83: Costi indeducibili | E83: 0 | F83: =SUM(C83:E83) -> 0
B84: Spese di rappresentanza e omaggi | E84: 109.1247 | F84: =SUM(C84:E84) -> 109.1247
B85: Iva pro rata | D85: 40314.79 | E85: 2065.1651 | F85: =SUM(C85:E85) -> 42379.955
B86: Imposta di registro | E86: 0 | F86: =SUM(C86:E86) -> 0
B87: Rimanenze iniziali | E87: 0 | F87: =SUM(C87:E87) -> 0
B88: Tassa sui rifiuti | C88: 5116.92 | E88: 0 | F88: =SUM(C88:E88) -> 5116.92
B89: Arrotondamenti passivi | C89: 0.01 | E89: 0.0578 | F89: =SUM(C89:E89) -> 0.0678
B90: Interessi passivi su mutui | E90: 0 | F90: =SUM(C90:E90) -> 0
B91: Spese diverse bancarie | E91: 2331.0026 | F91: =SUM(C91:E91) -> 2331.0026
B92: Sanzioni e multe indeducibili | E92: 0 | F92: =SUM(C92:E92) -> 0
B93: Diritti camerali CCIAA | E93: 184.96 | F93: =SUM(C93:E93) -> 184.96
B94: Contributi Anac gare appalto | E94: 0 | F94: =SUM(C94:E94) -> 0
B95: Imposta bollo virtuale fatture PA | E95: 0 | F95: =SUM(C95:E95) -> 0
B96: Tasse vidimazione libri sociali | E96: 52.6779 | F96: =SUM(C96:E96) -> 52.6779
B97: Altri costi deducibili | E97: 0 | F97: =SUM(C97:E97) -> 0
B98: Altri costi indeducibili | E98: 538.985 | F98: =SUM(C98:E98) -> 538.985
B99: I.M.U. | E99: 2137.07 | F99: =SUM(C99:E99) -> 2137.07
B100: Imposta di bollo assolta in modo virtuale | E100: 782 | F100: =SUM(C100:E100) -> 782
B101: Contributi AVCP | E101: 0 | F101: =SUM(C101:E101) -> 0
B102: Imposte e tasse varie | E102: 0 | F102: =SUM(C102:E102) -> 0
B104: ONERI STRAORDINARI
B105: Sopravvenienze passive | D105: 1708 | E105: 1065.0925 | F105: =SUM(C105:E105) -> 2773.0925
B107: IMPOSTE SUL REDDITO DI ESERCIZIO
...

Sheet Nidi
A1: Servizi erogati a minori
A2: Nidi d'Infanzia
A3: - ENTRATE -
A4: Descrizione | B4: Importo In Euro
A5: Proventi Utenti | B5: ='Rendiconto Nidi'!H516-0.41 -> 88706
A6: Proventi Comune | B6: ='Rendiconto Nidi'!H519+0.5 -> 884653
A7: Totale | B7: =SUM(B5:B6) -> 973359
A9: - USCITE -
A10: Descrizione | B10: Importo In Euro
A11: Costi di funzionamento diretto | B11: ='Rendiconto Nidi'!D516+0.45 -> 726930
A12: (Include il costo della gestione globale affidata alla nostra in-house)
A13: Costi di funzionamento indiretto | B13: ='Rendiconto Nidi'!D518-0.28 -> 212503
A14: di cui costi del personale Euro 219.752,00
A15: Imposte e tasse | B15: ='Rendiconto Nidi'!D520+0.02 -> 2395
A16: Totale | B16: =SUM(B11:B15) -> 941828 | K16: =B7-B16 -> 31531.002
K17: 444.8
K18: 5.72
K19: 322.8
K20: 134.59
K21: 75
K22: 2466.1
K23: 24
K24: 6087.58
K25: 10
K26: 85
K27: 122.2
K28: 343.6
... K36: 10
H37: 26988.63 | K37: 85
H38: 20188.11 | K38: 122.71
H39: 39175.72 | K39: 465.8
H40: -15413.8 | K40: 1.29
K41: 316.8
K42: 70.78
K43: 75
K44: 2466.1
K45: 2.4
K46: 6087.58
K47: 10
K48: 85
K49: 122.21
K50: 380.2
K51: 0.29
K52: 324.8
... K60: 122.21
K61: =SUM(K16:K60) -> 70961.692

Sheet Rendiconto Nidi
B1: PAOLO RICCI TOTALE
B2: NIDO D'INFANZIA "LA LUMACHINA"
B3: Periodo di competenza dal 01/01/2020 al 31/12/2020
B4: COSTI | G4: RICAVI
B5: DESCRIZIONE | C5: A.S.P. | D5: S.R.L. | E5: AMM. | F5: SALDO | G5: DESCRIZIONE | H5: A.S.P. | I5: S.R.L. | J5: AMM. | K5: SALDO
B7: COSTI DELLA PRODUZIONE | G7: VALORE DELLA PRODUZIONE
B8: Generi alimentari | E8: 0 | F8: =SUM(C8:E8) -> 0 | G8: Ricavi per quota ospiti/famiglie | H8: =31852.15-5132.69 -> 26719.46 | J8: 0 | K8: =SUM(H8:J8) -> 26719.46
B9: Prodotti igiene e pulizia | D9: 2910.54 | E9: 96.549 | F9: =SUM(C9:E9) -> 3007.089 | G9: Ricavi per quota Comune | H9: =244734.77-21669.55 -> 223065.22 | J9: 0 | K9: =SUM(H9:J9) -> 223065.22
B10: Materiali di consumo | D10: 544.15 | E10: 25.503 | F10: =SUM(C10:E10) -> 569.653 | G10: Ricavi per quota Asur | J10: 0 | K10: =SUM(H10:J10) -> 0
B11: Materiali di manutenzione | D11: 21.71 | E11: 0 | F11: =SUM(C11:E11) -> 21.71 | G11: Ricavi per attività diverse | J11: 0 | K11: =SUM(H11:J11) -> 0
B12: Acquisti vari | D12: 656.82 | E12: 72.725 | F12: =SUM(C12:E12) -> 729.545 | G12: Ricavi per prestazioni ambulatoriali Asur | J12: 0 | K12: =SUM(H12:J12) -> 0
B13: Cancelleria | D13: 197.77 | E13: 195.726 | F13: =SUM(C13:E13) -> 393.496 | G13: Ricavi per visite specialistiche a pagamento | J13: 0 | K13: =SUM(H13:J13) -> 0
B14: Carburanti e lubrificanti | E14: 283.237 | F14: =SUM(C14:E14) -> 283.237 | G14: Ricavi per prestazioni terapia fisica a pagamento | J14: 0 | K14: =SUM(H14:J14) -> 0
B15: Indumenti di lavoro | D15: 148.33 | E15: 0 | F15: =SUM(C15:E15) -> 148.33 | G15: Ricavi per prestazioni trattamenti fisioterapici | J15: 0 | K15: =SUM(H15:J15) -> 0
B16: Acquisti di materiale didattico | D16: 890.18 | E16: 0 | F16: =SUM(C16:E16) -> 890.18 | G16: Ricavi per prestazioni logopediche a pagamento | J16: 0 | K16: =SUM(H16:J16) -> 0
B17: Materiale per valutazioni terapeutiche | E17: 0 | F17: =SUM(C17:E17) -> 0 | G17: Ricavi per prestazioni psicomotricità a pagamento | J17: 0 | K17: =SUM(H17:J17) -> 0
B18: Beni di costo unitario non superiore a Euro | C18: 230 | E18: 84.019 | F18: =SUM(C18:E18) -> 314.019 | G18: Ricavi per prestazioni consulenze psicologiche a pagamento | J18: 0 | K18: =SUM(H18:J18) -> 0
B19: Beni amm.li costo unitario < € 516,46 | E19: 0 | F19: =SUM(C19:E19) -> 0 | G19: Ricavi per valutazioni multispecialistica dell'età evolutiva | J19: 0 | K19: =SUM(H19:J19) -> 0
G20: Ricavi per prestazioni semiresidenziali Asur | J20: 0 | K20: =SUM(H20:J20) -> 0
B21: COSTI PER SERVIZI | G21: Ricavi per utilizzo locali uso ristorazione | I21: 444.8 | J21: 0 | K21: =SUM(H21:J21) -> 444.8
B22: Energia Elettrica | D22: 3959.13 | E22: 0 | F22: =SUM(C22:E22) -> 3959.13 | G22: Ricavi per prestazioni residenziali Asur | J22: 0 | K22: =SUM(H22:J22) -> 0
B23: Gas Metano | D23: 2288.72 | E23: 0 | F23: =SUM(C23:E23) -> 2288.72 | G23: Ricavi assistenza scolastica presso asili nido | J23: 0 | K23: =SUM(H23:J23) -> 0
B24: Acqua | D24: 330 | E24: 0 | F24: =SUM(C24:E24) -> 330 | G24: Ricavi per corsi di formazione | J24: 0 | K24: =SUM(H24:J24) -> 0
B25: Manutenzione esterna fabbricati e terreni | E25: 0 | F25: =SUM(C25:E25) -> 0 | G25: Ricavi per prestazioni attività domiciliari | J25: 0 | K25: =SUM(H25:J25) -> 0
B26: Manutenzione esterna macchinari, impianti ... | C26: 479.46 | E26: 333.965 | F26: =SUM(C26:E26) -> 813.425 | G26: Ricavi per Contributo Regione Marche Gestione CO. | J26: 0 | K26: =SUM(H26:J26) -> 0
B27: Consulenze | E27: 3617.302 | F27: =SUM(C27:E27) -> 3617.302
B28: Servizi di pulizia e sanificazione | E28: 0 | F28: =SUM(C28:E28) -> 0 | G28: ALTRI RICAVI E PROVENTI
B29: Spese per la tutela della salute e della sicurezza sul luogo di lavoro | D29: 260.48 | E29: 1754.868 | F29: =SUM(C29:E29) -> 2015.348 | G29: Acquisti in omaggio | J29: 0 | K29: =SUM(H29:J29) -> 0
B30: Pubblicità (non materiale pubblicitario) | E30: 322.454 | F30: =SUM(C30:E30) -> 322.454 | G30: Arrotondamenti attivi | H30: 5.43 | J30: 0.293 | K30: =SUM(H30:J30) -> 5.723
B31: Spese per automezzi (manutenzione, assicurazione) | E31: 158.206 | F31: =SUM(C31:E31) -> 158.206 | G31: Rimborsi diversi | J31: 0 | K31: =SUM(H31:J31) -> 0
B32: Servizi amministrativi | E32: 83.1 | F32: =SUM(C32:E32) -> 83.1 | G32: Bolli e spese su fatture vendita | J32: 0 | K32: =SUM(H32:J32) -> 0
B33: Spese legali e consulenze | E33: 0 | F33: =SUM(C33:E33) -> 0 | G33: Rimborsi per infortuni Inail | J33: 0 | K33: =SUM(H33:J33) -> 0
B34: Spese telefoniche | D34: 362.09 | E34: 1714.146 | F34: =SUM(C34:E34) -> 2076.236 | G34: Imposta di bollo assolta in modo virtuale su fatture vendita | H34: =324-2 -> 322 | J34: 0.8 | K34: =SUM(H34:J34) -> 322.8
B35: Assicurazioni diverse | C35: 150.02 | E35: 5337.276 | F35: =SUM(C35:E35) -> 5487.296 | G35: Sopravvenienze attive | H35: 63.81 | J35: 70.775 | K35: =SUM(H35:J35) -> 134.585
B36: Manutenzione Automezzi | E36: 0 | F36: =SUM(C36:E36) -> 0 | G36: Fitti attivi | J36: 0 | K36: =SUM(H36:J36) -> 0
B37: Spese attivita' ricreative e promozionali | D37: 36.16 | E37: 0 | F37: =SUM(C37:E37) -> 36.16 | G37: Indennità conseguita a titolo di risarcimento | J37: 75 | K37: =SUM(H37:J37) -> 75
B38: Servizio Cucina Esternalizzato | D38: 15258.2 | E38: 0 | F38: =SUM(C38:E38) -> 15258.2 | G38: Contributi Covid-19 non imponibili | J38: 2466.1 | K38: =SUM(H38:J38) -> 2466.1
B39: Servizio smaltimento rifiuti | E39: 0 | F39: =SUM(C39:E39) -> 0 | G39: Recupero imposta di bollo virtuale | J39: 2.4 | K39: =SUM(H39:J39) -> 2.4
B40: Servizio di lavaggio biancheria | E40: 0 | F40: =SUM(C40:E40) -> 0 | G40: Addebito costi personale distaccato | J40: 0 | K40: =SUM(H40:J40) -> 0
B41: Compensi agli amministratori | E41: 582.27 | F41: =SUM(C41:E41) -> 582.27 | G41: Contributo in c/esercizio | H41: 6087.58 | J41: 0 | K41: =SUM(H41:J41) -> 6087.58
B42: Servizio di derattizzazione e disinfestazione | D42: 360 | E42: 0 | F42: =SUM(C42:E42) -> 360
B43: Contratti periodici di Manutenzione | E43: 68.625 | F43: =SUM(C43:E43) -> 68.625 | G43: ALTRI PROVENTI FINANZIARI
B44: Assistenza Hardware e Software | E44: 5113.76 | F44: =SUM(C44:E44) -> 5113.76 | G44: Interessi attivi da altri crediti | J44: 0 | K44: =SUM(H44:J44) -> 0
B45: Collaborazioni Professionali | D45: 2147 | E45: 733.098 | F45: =SUM(C45:E45) -> 2880.098 | G45: Contributi e offerte | J45: 10 | K45: =SUM(H45:J45) -> 10
B46: Prestazioni occasionali | D46: 76.11 | E46: 191.253 | F46: =SUM(C46:E46) -> 267.363 | G46: Interessi attivi su depositi bancari e postali | J46: 84.996 | K46: =SUM(H46:J46) -> 84.996
B47: Costi per aggiornamento professionale | D47: 35.3 | E47: 105.902 | F47: =SUM(C47:E47) -> 141.202
B48: Spese condominiali | E48: 0 | F48: =SUM(C48:E48) -> 0 | G48: VARIAZIONE DELLE RIMANENZE
B49: Assistenza scolastica presso asili nido | E49: 0 | F49: =SUM(C49:E49) -> 0 | G49: Variazione delle rimanenze materiali di consumo | I49: 122.2 | J49: 0 | K49: =SUM(H49:J49) -> 122.2
B50: Spese generali corsi di formazione | E50: 0 | F50: =SUM(C50:E50) -> 0
B51: Soggiorni (albergo, ristorante, bar…) | E51: 0 | F51: =SUM(C51:E51) -> 0
B52: Spese postali e di affrancatura | E52: 110.567 | F52: =SUM(C52:E52) -> 110.567
B53: Pubblicazioni, riviste e testi | E53: 67.585 | F53: =SUM(C53:E53) -> 67.585
B54: Servizi di vigilanza | E54: 0 | F54: =SUM(C54:E54) -> 0
B55: Costo Convenzione Struttura Polifunzionale | E55: 0 | F55: =SUM(C55:E55) -> 0
B56: Valori bollati | E56: 124 | F56: =SUM(C56:E56) -> 124
B57: Gestione globale dei servizi alla persona | E57: 2.4 | F57: =SUM(C57:E57) -> 2.4
B59: COSTI PER GODIMENTO BENI DI TERZI
B60: Affitti e locazioni | E60: 0 | F60: =SUM(C60:E60) -> 0
B61: Noleggi macchine elettroniche ufficio | E61: 76.5 | F61: =SUM(C61:E61) -> 76.5
B62: Manutenzione su beni di terzi | D62: 24.59 | E62: 0 | F62: =SUM(C62:E62) -> 24.59
B63: Noleggio attrezzature | E63: 72.255 | F63: =SUM(C63:E63) -> 72.255
B64: Noleggio cellulari | E64: 1.801 | F64: =SUM(C64:E64) -> 1.801
B66: COSTI PER IL PERSONALE
B67: Retribuzioni lorde | D67: 74617.25 | E67: 42055.026 | F67: =SUM(C67:E67) -> 116672.28
B68: Oneri previdenziali e assistenziali a carico ente | D68: 22183.17 | E68: 11155.97 | F68: =SUM(C68:E68) -> 33339.14
B69: Contributi Inail personale | D69: 797.34 | E69: 316.767 | F69: =SUM(C69:E69) -> 1114.107
B70: Tfr | D70: 8573.91 | E70: 1336.276 | F70: =SUM(C70:E70) -> 9910.186
B71: Rimborsi a piè di lista al personale | E71: 36.87 | F71: =SUM(C71:E71) -> 36.87
B72: Servizio Civile | E72: 30.4 | F72: =SUM(C72:E72) -> 30.4
B73: Costi personale distaccato | D73: 2 | E73: 0 | F73: =SUM(C73:E73) -> 2
E74: 0
B75: AMMORTAMENTI E SVALUTAZIONI | E75: 0
B76: Amm.to immobilizzazioni immateriali | E76: 1176.866 | F76: =SUM(C76:E76) -> 1176.866
B77: Amm.to fabbricati e materiali | E77: 4867.252 | F77: =SUM(C77:E77) -> 4867.252
B78: Accantonamento a fondo per rischi vari | E78: 0 | F78: =SUM(C78:E78) -> 0
B79: Svalutazione crediti | E79: 0 | F79: =SUM(C79:E79) -> 0
E80: 0
B81: VARIAZIONI RIMANENZE MATERIE PRIME ECC
B82: ONERI DIVERSI DI GESTIONE
B83: Costi indeducibili | E83: 0 | F83: =SUM(C83:E83) -> 0
B84: Spese di rappresentanza e omaggi | D84: 97.09 | E84: 64.191 | F84: =SUM(C84:E84) -> 161.281
B85: Iva pro rata | D85: 2693.64 | E85: 1214.803 | F85: =SUM(C85:E85) -> 3908.443
B86: Imposta di registro | E86: 0 | F86: =SUM(C86:E86) -> 0
B87: Rimanenze iniziali | E87: 0 | F87: =SUM(C87:E87) -> 0
B88: Tassa sui rifiuti | C88: 513.4 | E88: 0 | F88: =SUM(C88:E88) -> 513.4
B89: Arrotondamenti passivi | E89: 0.034 | F89: =SUM(C89:E89) -> 0.034
B90: Interessi passivi su mutui | E90: 0 | F90: =SUM(C90:E90) -> 0
B91: Spese diverse bancarie | D91: 0.75 | E91: 1371.178 | F91: =SUM(C91:E91) -> 1371.928
B92: Sanzioni e multe indeducibili | E92: 0 | F92: =SUM(C92:E92) -> 0
B93: Diritti camerali CCIAA | E93: 108.8 | F93: =SUM(C93:E93) -> 108.8
B94: Contributi Anac gare appalto | E94: 0 | F94: =SUM(C94:E94) -> 0
B95: Imposta bollo virtuale fatture PA | E95: 0 | F95: =SUM(C95:E95) -> 0
B96: Tasse vidimazione libri sociali | E96: 30.987 | F96: =SUM(C96:E96) -> 30.987
B97: Altri costi deducibili | E97: 0 | F97: =SUM(C97:E97) -> 0
B98: Altri costi indeducibili | E98: 317.05 | F98: =SUM(C98:E98) -> 317.05
B99: I.M.U. | E99: 1257.1 | F99: =SUM(C99:E99) -> 1257.1
B100: Imposta di bollo assolta in modo virtuale | E100: 460 | F100: =SUM(C100:E100) -> 460
B101: Contributi AVCP | E101: 0 | F101: =SUM(C101:E101) -> 0
B102: Imposte e tasse varie | E102: 0 | F102: =SUM(C102:E102) -> 0
B104: ONERI STRAORDINARI
...

Sheet Riab
A1: Servizi di Riabilitazione
A2: Residenziale e Ambulatoriale
A3: - ENTRATE -
A4: Descrizione | B4: Importo In Euro
A5: Proventi Utenti | B5: ='Rendiconto Riab'!H647-0.28 -> 557551
A6: Proventi Asur | B6: ='Rendiconto Riab'!H648-0.47 -> 2458634
A7: Proventi Regione Marche | B7: ='Rendiconto Riab'!H649 -> 105225
A8: Proventi Comune | B8: ='Rendiconto Riab'!H650 -> 3720
A9: Totale | B9: =SUM(B5:B8) -> 3125130
A11: - USCITE -
A12: Descrizione | B12: Importo In Euro
A13: Costi di funzionamento diretto | B13: ='Rendiconto Riab'!D647+0.02 -> 2404310
A14: (Include il costo della gestione globale affidata alla nostra in-house)
A15: Costi di funzionamento indiretto | B15: ='Rendiconto Riab'!D649+0.7 -> 453335
A16: di cui costi del personale Euro 358.715,00
A17: Imposte e tasse | B17: ='Rendiconto Riab'!D651-0.31 -> 55236
A18: Totale | B18: =SUM(B13:B17) -> 2912881 | G18: =B9-B18 -> 212249

Sheet Rendiconto Riab
B2: PAOLO RICCI TOTALE
B3: PALAZZO RICCI
B4: Periodo di competenza dal 01/01/2020 al 31/12/2020
B5: COSTI | G5: RICAVI
B6: DESCRIZIONE | C6: A.S.P. | D6: S.R.L. | E6: AMM. | F6: SALDO | G6: DESCRIZIONE | H6: A.S.P. | I6: S.R.L. | J6: AMM. | K6: SALDO
B8: COSTI DELLA PRODUZIONE | G8: VALORE DELLA PRODUZIONE
B9: Generi alimentari | E9: 0 | F9: =SUM(C9:E9) -> 0 | G9: Ricavi per quota ospiti/famiglie | H9: =(254077.39-2183.04) -> 251894.35 | J9: 0 | K9: =SUM(H9:J9) -> 251894.35
B10: Prodotti igiene e pulizia | D10: 36881.31 | E10: 144.8235 | F10: =SUM(C10:E10) -> 37026.133 | G10: Ricavi per quota Comune | H10: =(5580-1860) -> 3720 | J10: 0 | K10: =SUM(H10:J10) -> 3720
B11: Materiali di consumo | D11: 1942.57 | E11: 38.2545 | F11: =SUM(C11:E11) -> 1980.8245 | G11: Ricavi per quota Asur | H11: 17019.72 | J11: 0 | K11: =SUM(H11:J11) -> 17019.72
B12: Materiali di manutenzione | D12: 534.01 | E12: 0 | F12: =SUM(C12:E12) -> 534.01 | G12: Ricavi per attività diverse | I12: 475 | J12: 0 | K12: =SUM(H12:J12) -> 475
B13: Acquisti vari | C13: 35 | D13: 5642.95 | E13: 109.0875 | F13: =SUM(C13:E13) -> 5787.0375 | G13: Ricavi per prestazioni ambulatoriali Asur | J13: 0 | K13: =SUM(H13:J13) -> 0
B14: Cancelleria | D14: 650.47 | E14: 293.589 | F14: =SUM(C14:E14) -> 944.059 | G14: Ricavi per visite specialistiche a pagamento | J14: 0 | K14: =SUM(H14:J14) -> 0
B15: Carburanti e lubrificanti | C15: 3106.47 | D15: 984.29 | E15: 424.8555 | F15: =SUM(C15:E15) -> 4515.6155 | G15: Ricavi per prestazioni terapia fisica a pagamento | J15: 0 | K15: =SUM(H15:J15) -> 0
B16: Indumenti di lavoro | D16: 1121.39 | E16: 0 | F16: =SUM(C16:E16) -> 1121.39 | G16: Ricavi per prestazioni trattamenti fisioterapici | J16: 0 | K16: =SUM(H16:J16) -> 0
B17: Acquisti di materiale didattico | D17: 535.99 | E17: 0 | F17: =SUM(C17:E17) -> 535.99 | G17: Ricavi per prestazioni logopediche a pagamento | J17: 0 | K17: =SUM(H17:J17) -> 0
B18: Materiale per valutazioni terapeutiche | E18: 0 | F18: =SUM(C18:E18) -> 0 | G18: Ricavi per prestazioni psicomotricità a pagamento | J18: 0 | K18: =SUM(H18:J18) -> 0
B19: Beni di costo unitario non superiore a Euro | C19: 2093.92 | E19: 126.0285 | F19: =SUM(C19:E19) -> 2219.9485 | G19: Ricavi per prestazioni consulenze psicologiche a pagamento | J19: 0 | K19: =SUM(H19:J19) -> 0
B20: Beni amm.li costo unitario < € 516,46 | E20: 0 | F20: =SUM(C20:E20) -> 0 | G20: Ricavi per valutazioni multispecialistica dell'età evolutiva | J20: 0 | K20: =SUM(H20:J20) -> 0
G21: Ricavi per prestazioni semiresidenziali Asur | H21: 335667.16 | J21: 0 | K21: =SUM(H21:J21) -> 335667.16
B22: COSTI PER SERVIZI | G22: Ricavi per utilizzo locali uso ristorazione | I22: 2737.5 | J22: 0 | K22: =SUM(H22:J22) -> 2737.5
B23: Energia Elettrica | D23: 10060.75 | E23: 0 | F23: =SUM(C23:E23) -> 10060.75 | G23: Ricavi per prestazioni residenziali Asur | H23: 1005273 | J23: 0 | K23: =SUM(H23:J23) -> 1005273
B24: Gas Metano | D24: 11397.63 | E24: 0 | F24: =SUM(C24:E24) -> 11397.63 | G24: Ricavi assistenza scolastica presso asili nido | J24: 0 | K24: =SUM(H24:J24) -> 0
B25: Acqua | D25: 4564 | E25: 0 | F25: =SUM(C25:E25) -> 4564 | G25: Ricavi per corsi di formazione | J25: 0 | K25: =SUM(H25:J25) -> 0
B26: Manutenzione esterna fabbricati e terreni | C26: =(3245.2-390.4) -> 2854.8 | E26: 0 | F26: =SUM(C26:E26) -> 2854.8 | G26: Ricavi per prestazioni attività domiciliari | J26: 0 | K26: =SUM(H26:J26) -> 0
B27: Manutenzione esterna macchinari, impianti ... | C27: 4517.23 | E27: 500.9475 | F27: =SUM(C27:E27) -> 5018.1775 | G27: Ricavi per Contributo Regione Marche Gestione CO. | H27: 105225 | J27: 0 | K27: =SUM(H27:J27) -> 105225
B28: Consulenze | C28: 62.5 | D28: 2210 | E28: 5425.953 | F28: =SUM(C28:E28) -> 7698.453
B29: Servizi di pulizia e sanificazione | C29: 61 | D29: 211.47 | E29: 0 | F29: =SUM(C29:E29) -> 272.47 | G29: ALTRI RICAVI E PROVENTI
B30: Spese per la tutela della salute e della sicurezza sul luogo di lavoro | C30: 509.96 | D30: 785.26 | E30: 2632.302 | F30: =SUM(C30:E30) -> 3927.522 | G30: Acquisti in omaggio | J30: 0 | K30: =SUM(H30:J30) -> 0
B31: Pubblicità (non materiale pubblicitario) | E31: 483.681 | F31: =SUM(C31:E31) -> 483.681 | G31: Arrotondamenti attivi | J31: 0.4395 | K31: =SUM(H31:J31) -> 0.4395
B32: Spese per automezzi (manutenzione, assicurazione) | C32: =(6034.01-463.6) -> 5570.41 | E32: 237.309 | F32: =SUM(C32:E32) -> 5807.719 | G32: Rimborsi diversi | J32: 0 | K32: =SUM(H32:J32) -> 0
B33: Servizi amministrativi | D33: 25 | E33: 124.65 | F33: =SUM(C33:E33) -> 149.65 | G33: Bolli e spese su fatture vendita | J33: 0 | K33: =SUM(H33:J33) -> 0
B34: Spese legali e consulenze | E34: 0 | F34: =SUM(C34:E34) -> 0 | G34: Rimborsi per infortuni Inail | J34: 0 | K34: =SUM(H34:J34) -> 0
B35: Spese telefoniche | C35: 317.2 | D35: 818.3 | E35: 2571.219 | F35: =SUM(C35:E35) -> 3706.719 | G35: Imposta di bollo assolta in modo virtuale su fatture vendita | H35: =(726-6) -> 720 | J35: 1.2 | K35: =SUM(H35:J35) -> 721.2
B36: Assicurazioni diverse | E36: 8005.914 | F36: =SUM(C36:E36) -> 8005.914 | G36: Sopravvenienze attive | H36: 339.16 | J36: 106.1625 | K36: =SUM(H36:J36) -> 445.3225
B37: Manutenzione Automezzi | E37: 0 | F37: =SUM(C37:E37) -> 0 | G37: Fitti attivi | H37: 1498 | J37: 0 | K37: =SUM(H37:J37) -> 1498
B38: Spese attivita' ricreative e promozionali | D38: 74.09 | E38: 0 | F38: =SUM(C38:E38) -> 74.09 | G38: Indennità conseguita a titolo di risarcimento | J38: 112.5 | K38: =SUM(H38:J38) -> 112.5
B39: Servizio Cucina Esternalizzato | D39: 138764.02 | E39: 0 | F39: =SUM(C39:E39) -> 138764.02 | G39: Contributi Covid-19 non imponibili | J39: 3699.15 | K39: =SUM(H39:J39) -> 3699.15
B40: Servizio smaltimento rifiuti | D40: 1239 | E40: 0 | F40: =SUM(C40:E40) -> 1239 | G40: Recupero imposta di bollo virtuale | J40: 3.6 | K40: =SUM(H40:J40) -> 3.6
B41: Servizio di lavaggio biancheria | D41: 7151.7 | E41: 0 | F41: =SUM(C41:E41) -> 7151.7 | G41: Addebito costi personale distaccato | J41: 0 | K41: =SUM(H41:J41) -> 0
B42: Compensi agli amministratori | E42: 873.405 | F42: =SUM(C42:E42) -> 873.405 | G42: Contributo in c/esercizio | J42: 0 | K42: =SUM(H42:J42) -> 0
B43: Servizio di derattizzazione e disinfestazione | D43: 860 | E43: 0 | F43: =SUM(C43:E43) -> 860
B44: Contratti periodici di Manutenzione | C44: 848.92 | E44: 102.9375 | F44: =SUM(C44:E44) -> 951.8575 | G44: ALTRI PROVENTI FINANZIARI
B45: Assistenza Hardware e Software | E45: 7670.64 | F45: =SUM(C45:E45) -> 7670.64 | G45: Interessi attivi da altri crediti | J45: 0 | K45: =SUM(H45:J45) -> 0
B46: Collaborazioni Professionali | D46: 14236.88 | E46: 1099.647 | F46: =SUM(C46:E46) -> 15336.527 | G46: Contributi e offerte | J46: 15 | K46: =SUM(H46:J46) -> 15
B47: Prestazioni occasionali | D47: 3949.75 | E47: 286.8795 | F47: =SUM(C47:E47) -> 4236.6295 | G47: Interessi attivi su depositi bancari e postali | J47: 127.494 | K47: =SUM(H47:J47) -> 127.494
B48: Costi per aggiornamento professionale | C48: 600 | D48: 35.3 | E48: 158.853 | F48: =SUM(C48:E48) -> 794.153
B49: Spese condominiali | E49: 0 | F49: =SUM(C49:E49) -> 0 | G49: VARIAZIONE DELLE RIMANENZE
B50: Assistenza scolastica presso asili nido | E50: 0 | F50: =SUM(C50:E50) -> 0 | G50: Variazione delle rimanenze materiali di consumo | I50: 5000 | J50: 0 | K50: =SUM(H50:J50) -> 5000
B51: Spese generali corsi di formazione | E51: 0 | F51: =SUM(C51:E51) -> 0
B52: Soggiorni (albergo, ristorante, bar…) | D52: 129.82 | E52: 0 | F52: =SUM(C52:E52) -> 129.82
B53: Spese postali e di affrancatura | E53: 165.8505 | F53: =SUM(C53:E53) -> 165.8505
B54: Pubblicazioni, riviste e testi | E54: 101.3775 | F54: =SUM(C54:E54) -> 101.3775
B55: Servizi di vigilanza | E55: 0 | F55: =SUM(C55:E55) -> 0
B56: Costo Convenzione Struttura Polifunzionale | E56: 0 | F56: =SUM(C56:E56) -> 0
B57: Valori bollati | E57: 186 | F57: =SUM(C57:E57) -> 186
B58: Gestione globale dei servizi alla persona | E58: 3.6 | F58: =SUM(C58:E58) -> 3.6
B60: COSTI PER GODIMENTO BENI DI TERZI
B61: Affitti e locazioni | E61: 0 | F61: =SUM(C61:E61) -> 0
B62: Noleggi macchine elettroniche ufficio | D62: 300 | E62: 114.75 | F62: =SUM(C62:E62) -> 414.75
B63: Manutenzione su beni di terzi | D63: 90 | E63: 0 | F63: =SUM(C63:E63) -> 90
B64: Noleggio attrezzature | E64: 108.3825 | F64: =SUM(C64:E64) -> 108.3825
B65: Noleggio cellulari | E65: 2.7015 | F65: =SUM(C65:E65) -> 2.7015
B67: COSTI PER IL PERSONALE
B68: Retribuzioni lorde | C68: =(49607.88-11495.05) -> 38112.83 | D68: 499873.6 | E68: 63082.539 | F68: =SUM(C68:E68) -> 601068.97
B69: Oneri previdenziali e assistenziali a carico ente | C69: =(13036.99-2735.82) -> 10301.17 | D69: 141669.04 | E69: 16733.955 | F69: =SUM(C69:E69) -> 168704.17
B70: Contributi Inail personale | C70: 3493.17 | D70: 7263.61 | E70: 475.1505 | F70: =SUM(C70:E70) -> 11231.93
B71: Tfr | D71: 38550.87 | E71: 2004.414 | F71: =SUM(C71:E71) -> 40555.284
B72: Rimborsi a piè di lista al personale | D72: 60 | E72: 55.305 | F72: =SUM(C72:E72) -> 115.305
B73: Servizio Civile | E73: 45.6 | F73: =SUM(C73:E73) -> 45.6
B74: Costi personale distaccato | D74: 292654.23 | E74: 0 | F74: =SUM(C74:E74) -> 292654.23
B76: AMMORTAMENTI E SVALUTAZIONI
B77: Amm.to immobilizzazioni immateriali | E77: 1765.299 | F77: =SUM(C77:E77) -> 1765.299
B78: Amm.to fabbricati e materiali | C78: 76659.25 | D78: 563.49 | E78: 7300.878 | F78: =SUM(C78:E78) -> 84523.618
B79: Accantonamento a fondo per rischi vari | C79: 29994.82 | E79: 0 | F79: =SUM(C79:E79) -> 29994.82
B80: Svalutazione crediti | E80: 0 | F80: =SUM(C80:E80) -> 0
B82: VARIAZIONI RIMANENZE MATERIE PRIME ECC
B83: ONERI DIVERSI DI GESTIONE
B84: Costi indeducibili | E84: 0 | F84: =SUM(C84:E84) -> 0
B85: Spese di rappresentanza e omaggi | D85: 40.1 | E85: 96.2865 | F85: =SUM(C85:E85) -> 136.3865
B86: Iva pro rata | D86: 25007.33 | E86: 1822.2045 | F86: =SUM(C86:E86) -> 26829.535
B87: Imposta di registro | E87: 0 | F87: =SUM(C87:E87) -> 0
B88: Rimanenze iniziali | E88: 0 | F88: =SUM(C88:E88) -> 0
B89: Tassa sui rifiuti | C89: 3974.18 | E89: 0 | F89: =SUM(C89:E89) -> 3974.18
B90: Arrotondamenti passivi | E90: 0.051 | F90: =SUM(C90:E90) -> 0.051
B91: Interessi passivi su mutui | E91: 0 | F91: =SUM(C91:E91) -> 0
B92: Spese diverse bancarie | D92: 4.5 | E92: 2056.767 | F92: =SUM(C92:E92) -> 2061.267
B93: Sanzioni e multe indeducibili | E93: 0 | F93: =SUM(C93:E93) -> 0
B94: Diritti camerali CCIAA | E94: 163.2 | F94: =SUM(C94:E94) -> 163.2
B95: Contributi Anac gare appalto | E95: 0 | F95: =SUM(C95:E95) -> 0
B96: Imposta bollo virtuale fatture PA | E96: 0 | F96: =SUM(C96:E96) -> 0
B97: Tasse vidimazione libri sociali | E97: 46.4805 | F97: =SUM(C97:E97) -> 46.4805
B98: Altri costi deducibili | E98: 0 | F98: =SUM(C98:E98) -> 0
B99: Altri costi indeducibili | E99: 475.575 | F99: =SUM(C99:E99) -> 475.575
B100: I.M.U. | E100: 1885.65 | F100: =SUM(C100:E100) -> 1885.65
B101: Imposta di bollo assolta in modo virtuale | E101: 690 | F101: =SUM(C101:E101) -> 690
B102: Contributi AVCP | E102: 0 | F102: =SUM(C102:E102) -> 0
B103: Imposte e tasse varie | E103: 0 | F103: =SUM(C103:E103) -> 0
B105: ONERI STRAORDINARI
B106: Sopravvenienze passive | D106: 1708 | E106: 939.7875 | F106: =SUM(C106:E106) -> 2647.7875
B108: IMPOSTE SUL REDDITO DI ESERCIZIO
...

Sheet Accoglienza
A1: Servizi di Accoglienza
A2: Casa e Comunità Alloggio
A3: - ENTRATE -
A4: Descrizione | B4: Importo In Euro
A5: Proventi Utenti | B5: ='Rendiconto Accoglienza'!H261 -> 1830
A6: Proventi Comune | B6: ='Rendiconto Accoglienza'!H264+0.37 -> 48921
A7: Totale | B7: =SUM(B5:B6) -> 50751
A9: - USCITE -
A10: Descrizione | B10: Importo In Euro
A11: Costi di funzionamento diretto | B11: ='Rendiconto Accoglienza'!D261+0.13 -> 48649
A12: (Include il costo della gestione globale affidata alla nostra in-house)
A13: Costi di funzionamento indiretto | B13: ='Rendiconto Accoglienza'!D251 -> 0
A14: di cui costi del personale Euro 0,00
A15: Imposte e tasse | B15: ='Rendiconto Accoglienza'!D265+0.36 -> 1086
A16: Totale | B16: =SUM(B11:B15) -> 49735
K21: =B7-B16 -> 1016

Sheet Rendiconto Accoglienza
B1: PAOLO RICCI TOTALE
B2: VIA CONCHIGLIA - ALLOGGIO ADULTI IN DIFFICOLTA'
B3: Periodo di competenza dal 01/01/2020 al 31/12/2020
B4: COSTI | G4: RICAVI
B5: DESCRIZIONE | C5: A.S.P. | D5: S.R.L. | E5: AMM. | F5: SALDO | G5: DESCRIZIONE | H5: A.S.P. | I5: S.R.L. | J5: AMM. | K5: SALDO
B7: COSTI DELLA PRODUZIONE | G7: VALORE DELLA PRODUZIONE
B8: Generi alimentari | E8: 0 | F8: =SUM(C8:E8) -> 0 | G8: Ricavi per quota ospiti/famiglie | J8: 0 | K8: =SUM(H8:J8) -> 0
B9: Prodotti igiene e pulizia | E9: 0 | F9: =SUM(C9:E9) -> 0 | G9: Ricavi per quota Comune | H9: 6168 | J9: 0 | K9: =SUM(H9:J9) -> 6168
B10: Materiali di consumo | E10: 0 | F10: =SUM(C10:E10) -> 0 | G10: Ricavi per quota Asur | J10: 0 | K10: =SUM(H10:J10) -> 0
B11: Materiali di manutenzione | E11: 0 | F11: =SUM(C11:E11) -> 0 | G11: Ricavi per attività diverse | H11: 1830 | J11: 0 | K11: =SUM(H11:J11) -> 1830
B12: Acquisti vari | E12: 0 | F12: =SUM(C12:E12) -> 0 | G12: Ricavi per prestazioni ambulatoriali Asur | J12: 0 | K12: =SUM(H12:J12) -> 0
B13: Cancelleria | E13: 0 | F13: =SUM(C13:E13) -> 0 | G13: Ricavi per visite specialistiche a pagamento | J13: 0 | K13: =SUM(H13:J13) -> 0
B14: Carburanti e lubrificanti | E14: 0 | F14: =SUM(C14:E14) -> 0 | G14: Ricavi per prestazioni terapia fisica a pagamento | J14: 0 | K14: =SUM(H14:J14) -> 0
B15: Indumenti di lavoro | E15: 0 | F15: =SUM(C15:E15) -> 0 | G15: Ricavi per prestazioni trattamenti fisioterapici | J15: 0 | K15: =SUM(H15:J15) -> 0
B16: Acquisti di materiale didattico | E16: 0 | F16: =SUM(C16:E16) -> 0 | G16: Ricavi per prestazioni logopediche a pagamento | J16: 0 | K16: =SUM(H16:J16) -> 0
B17: Materiale per valutazioni terapeutiche | E17: 0 | F17: =SUM(C17:E17) -> 0 | G17: Ricavi per prestazioni psicomotricità a pagamento | J17: 0 | K17: =SUM(H17:J17) -> 0
B18: Beni di costo unitario non superiore a Euro | E18: 0 | F18: =SUM(C18:E18) -> 0 | G18: Ricavi per prestazioni consulenze psicologiche a pagamento | J18: 0 | K18: =SUM(H18:J18) -> 0
B19: Beni amm.li costo unitario < € 516,46 | E19: 0 | F19: =SUM(C19:E19) -> 0 | G19: Ricavi per valutazioni multispecialistica dell'età evolutiva | J19: 0 | K19: =SUM(H19:J19) -> 0
G20: Ricavi per prestazioni semiresidenziali Asur | J20: 0 | K20: =SUM(H20:J20) -> 0
B21: COSTI PER SERVIZI | G21: Ricavi per utilizzo locali uso ristorazione | J21: 0 | K21: =SUM(H21:J21) -> 0
B22: Energia Elettrica | C22: 788.41 | E22: 0 | F22: =SUM(C22:E22) -> 788.41 | G22: Ricavi per prestazioni residenziali Asur | J22: 0 | K22: =SUM(H22:J22) -> 0
B23: Gas Metano | C23: 683.77 | E23: 0 | F23: =SUM(C23:E23) -> 683.77 | G23: Ricavi assistenza scolastica presso asili nido | J23: 0 | K23: =SUM(H23:J23) -> 0
B24: Acqua | C24: 383.31 | E24: 0 | F24: =SUM(C24:E24) -> 383.31 | G24: Ricavi per corsi di formazione | J24: 0 | K24: =SUM(H24:J24) -> 0
B25: Manutenzione esterna fabbricati e terreni | E25: 0 | F25: =SUM(C25:E25) -> 0 | G25: Ricavi per prestazioni attività domiciliari | J25: 0 | K25: =SUM(H25:J25) -> 0
B26: Manutenzione esterna macchinari, impianti ... | C26: 129.32 | E26: 0 | F26: =SUM(C26:E26) -> 129.32 | G26: Ricavi per Contributo Regione Marche Gestione CO. | J26: 0 | K26: =SUM(H26:J26) -> 0
B27: Consulenze | E27: 0 | F27: =SUM(C27:E27) -> 0
B28: Servizi di pulizia e sanificazione | E28: 0 | F28: =SUM(C28:E28) -> 0 | G28: ALTRI RICAVI E PROVENTI
B29: Spese per la tutela della salute e della sicurezza sul luogo di lavoro | E29: 0 | F29: =SUM(C29:E29) -> 0 | G29: Acquisti in omaggio | J29: 0 | K29: =SUM(H29:J29) -> 0
B30: Pubblicità (non materiale pubblicitario) | E30: 0 | F30: =SUM(C30:E30) -> 0 | G30: Arrotondamenti attivi | J30: 0 | K30: =SUM(H30:J30) -> 0
B31: Spese per automezzi (manutenzione, assicurazione) | E31: 0 | F31: =SUM(C31:E31) -> 0 | G31: Rimborsi diversi | J31: 0 | K31: =SUM(H31:J31) -> 0
B32: Servizi amministrativi | E32: 0 | F32: =SUM(C32:E32) -> 0 | G32: Bolli e spese su fatture vendita | J32: 0 | K32: =SUM(H32:J32) -> 0
B33: Spese legali e consulenze | E33: 0 | F33: =SUM(C33:E33) -> 0 | G33: Rimborsi per infortuni Inail | J33: 0 | K33: =SUM(H33:J33) -> 0
B34: Spese telefoniche | C34: 163.36 | E34: 0 | F34: =SUM(C34:E34) -> 163.36 | G34: Imposta di bollo assolta in modo virtuale su fatture vendita | H34: 6 | J34: 0 | K34: =SUM(H34:J34) -> 6
B35: Assicurazioni diverse | E35: 0 | F35: =SUM(C35:E35) -> 0 | G35: Sopravvenienze attive | J35: 0 | K35: =SUM(H35:J35) -> 0
B36: Manutenzione Automezzi | E36: 0 | F36: =SUM(C36:E36) -> 0 | G36: Fitti attivi | J36: 0 | K36: =SUM(H36:J36) -> 0
B37: Spese attivita' ricreative e promozionali | E37: 0 | F37: =SUM(C37:E37) -> 0 | G37: Indennità conseguita a titolo di risarcimento | J37: 0 | K37: =SUM(H37:J37) -> 0
B38: Servizio Cucina Esternalizzato | E38: 0 | F38: =SUM(C38:E38) -> 0 | G38: Contributi Covid-19 non imponibili | J38: 0 | K38: =SUM(H38:J38) -> 0
B39: Servizio smaltimento rifiuti | E39: 0 | F39: =SUM(C39:E39) -> 0 | G39: Recupero imposta di bollo virtuale | J39: 0 | K39: =SUM(H39:J39) -> 0
B40: Servizio di lavaggio biancheria | E40: 0 | F40: =SUM(C40:E40) -> 0 | G40: Addebito costi personale distaccato | J40: 0 | K40: =SUM(H40:J40) -> 0
B41: Compensi agli amministratori | E41: 0 | F41: =SUM(C41:E41) -> 0 | G41: Contributo in c/esercizio | J41: 0 | K41: =SUM(H41:J41) -> 0
B42: Servizio di derattizzazione e disinfestazione | E42: 0 | F42: =SUM(C42:E42) -> 0
B43: Contratti periodici di Manutenzione | C43: 97.6 | E43: 0 | F43: =SUM(C43:E43) -> 97.6 | G43: ALTRI PROVENTI FINANZIARI
B44: Assistenza Hardware e Software | E44: 0 | F44: =SUM(C44:E44) -> 0 | G44: Interessi attivi da altri crediti | J44: 0 | K44: =SUM(H44:J44) -> 0
B45: Collaborazioni Professionali | E45: 0 | F45: =SUM(C45:E45) -> 0 | G45: Contributi e offerte | J45: 0 | K45: =SUM(H45:J45) -> 0
B46: Prestazioni occasionali | E46: 0 | F46: =SUM(C46:E46) -> 0 | G46: Interessi attivi su depositi bancari e postali | J46: 0 | K46: =SUM(H46:J46) -> 0
B47: Costi per aggiornamento professionale | E47: 0 | F47: =SUM(C47:E47) -> 0
B48: Spese condominiali | E48: 0 | F48: =SUM(C48:E48) -> 0 | G48: VARIAZIONE DELLE RIMANENZE
B49: Assistenza scolastica presso asili nido | E49: 0 | F49: =SUM(C49:E49) -> 0 | G49: Variazione delle rimanenze materiali di consumo | J49: 0 | K49: =SUM(H49:J49) -> 0
B50: Spese generali corsi di formazione | E50: 0 | F50: =SUM(C50:E50) -> 0
B51: Soggiorni (albergo, ristorante, bar…) | E51: 0 | F51: =SUM(C51:E51) -> 0
B52: Spese postali e di affrancatura | E52: 0 | F52: =SUM(C52:E52) -> 0
B53: Pubblicazioni, riviste e testi | E53: 0 | F53: =SUM(C53:E53) -> 0
B54: Servizi di vigilanza | E54: 0 | F54: =SUM(C54:E54) -> 0
B55: Costo Convenzione Struttura Polifunzionale | E55: 0 | F55: =SUM(C55:E55) -> 0
B56: Valori bollati | E56: 0 | F56: =SUM(C56:E56) -> 0
B57: Gestione globale dei servizi alla persona | E57: 0 | F57: =SUM(C57:E57) -> 0
B59: COSTI PER GODIMENTO BENI DI TERZI
B60: Affitti e locazioni | E60: 0 | F60: =SUM(C60:E60) -> 0
B61: Noleggi macchine elettroniche ufficio | E61: 0 | F61: =SUM(C61:E61) -> 0
B62: Manutenzione su beni di terzi | E62: 0 | F62: =SUM(C62:E62) -> 0
B63: Noleggio attrezzature | E63: 0 | F63: =SUM(C63:E63) -> 0
B64: Noleggio cellulari | E64: 0 | F64: =SUM(C64:E64) -> 0
B66: COSTI PER IL PERSONALE
B67: Retribuzioni lorde | E67: 0 | F67: =SUM(C67:E67) -> 0
B68: Oneri previdenziali e assistenziali a carico ente | E68: 0 | F68: =SUM(C68:E68) -> 0
B69: Contributi Inail personale | E69: 0 | F69: =SUM(C69:E69) -> 0
B70: Tfr | E70: 0 | F70: =SUM(C70:E70) -> 0
B71: Rimborsi a piè di lista al personale | E71: 0 | F71: =SUM(C71:E71) -> 0
B72: Servizio Civile | E72: 0 | F72: =SUM(C72:E72) -> 0
B73: Costi personale distaccato | E73: 0 | F73: =SUM(C73:E73) -> 0
B75: AMMORTAMENTI E SVALUTAZIONI
B76: Amm.to immobilizzazioni immateriali | E76: 0 | F76: =SUM(C76:E76) -> 0
B77: Amm.to fabbricati e materiali | E77: 0 | F77: =SUM(C77:E77) -> 0
B78: Accantonamento a fondo per rischi vari | E78: 0 | F78: =SUM(C78:E78) -> 0
B79: Svalutazione crediti | E79: 0 | F79: =SUM(C79:E79) -> 0
B81: VARIAZIONI RIMANENZE MATERIE PRIME ECC
B82: ONERI DIVERSI DI GESTIONE
B83: Costi indeducibili | E83: 0 | F83: =SUM(C83:E83) -> 0
B84: Spese di rappresentanza e omaggi | E84: 0 | F84: =SUM(C84:E84) -> 0
B85: Iva pro rata | E85: 0 | F85: =SUM(C85:E85) -> 0
B86: Imposta di registro | E86: 0 | F86: =SUM(C86:E86) -> 0
B87: Rimanenze iniziali | E87: 0 | F87: =SUM(C87:E87) -> 0
B88: Tassa sui rifiuti | C88: 209.44 | E88: 0 | F88: =SUM(C88:E88) -> 209.44
B89: Arrotondamenti passivi | E89: 0 | F89: =SUM(C89:E89) -> 0
B90: Interessi passivi su mutui | E90: 0 | F90: =SUM(C90:E90) -> 0
B91: Spese diverse bancarie | E91: 0 | F91: =SUM(C91:E91) -> 0
B92: Sanzioni e multe indeducibili | E92: 0 | F92: =SUM(C92:E92) -> 0
B93: Diritti camerali CCIAA | E93: 0 | F93: =SUM(C93:E93) -> 0
B94: Contributi Anac gare appalto | E94: 0 | F94: =SUM(C94:E94) -> 0
B95: Imposta bollo virtuale fatture PA | E95: 0 | F95: =SUM(C95:E95) -> 0
B96: Tasse vidimazione libri sociali | E96: 0 | F96: =SUM(C96:E96) -> 0
B97: Altri costi deducibili | E97: 0 | F97: =SUM(C97:E97) -> 0
B98: Altri costi indeducibili | E98: 0 | F98: =SUM(C98:E98) -> 0
B99: I.M.U. | E99: 0 | F99: =SUM(C99:E99) -> 0
B100: Imposta di bollo assolta in modo virtuale | E100: 0 | F100: =SUM(C100:E100) -> 0
... B102: Imposte e tasse varie | E102: 0 | F102: =SUM(C102:E102) -> 0
B104: ONERI STRAORDINARI
B105: Sopravvenienze passive | E105: 0 | F105: =SUM(C105:E105) -> 0
B107: IMPOSTE SUL REDDITO DI ESERCIZIO
B108: IRAP | E108: 0 | F108: =SUM(C108:E108) -> 0
...

Sheet Riepilogativa Verticale
A1: Servizi erogati ad anziani
A2: Struttura Polifunzionale "Villa Letizia"
A4: - COSTI -
A5: Descrizione | B5: Importo In Euro
A6: Costi di funzionamento diretto | B6: =Anziani!B12 -> 1529895
A7: (Include il costo della gestione globale affidata alla nostra in-house)
A8: Costi di funzionamento indiretto | B8: =Anziani!B14 -> 149894
A9: di cui costi del personale Euro 152.694,00
A10: Imposte e tasse | B10: =Anziani!B16 -> 24225
A11: Totale | B11: =SUM(B6:B10)-0.01 -> 1704014
A15: Servizi erogati a minori
A16: Nidi d'Infanzia
A18: - COSTI -
A19: Descrizione | B19: Importo In Euro
A20: Costi di funzionamento diretto | B20: =Nidi!$B$11 -> 726930
A21: (Include il costo della gestione globale affidata alla nostra in-house)
A22: Costi di funzionamento indiretto | B22: =Nidi!$B$13 -> 212503
A23: di cui costi del personale Euro 219.752,00
A24: Imposte e tasse | B24: =Nidi!$B$15 -> 2395
A25: Totale | B25: =SUM(B20:B24) -> 941828
A29: Servizi di Riabilitazione
A30: Residenziale e Ambulatoriale
A32: - COSTI -
A33: Descrizione | B33: Importo In Euro
A34: Costi di funzionamento diretto | B34: =Riab!B13 -> 2404310
A35: (Include il costo della gestione globale affidata alla nostra in-house)
A36: Costi di funzionamento indiretto | B36: =Riab!B15 -> 453335
A37: di cui costi del personale Euro 358.715,00
A38: Imposte e tasse | B38: =Riab!B17 -> 55236
A39: Totale | B39: =SUM(B34:B38) -> 2912881
A43: Servizi di Accoglienza
A44: Casa e Comunità Alloggio
A46: - COSTI -
A47: Descrizione | B47: Importo In Euro
A48: Costi di funzionamento diretto | B48: =Accoglienza!B11 -> 48649
A49: (Include il costo della gestione globale affidata alla nostra in-house)
A50: Costi di funzionamento indiretto | B50: =Accoglienza!B13 -> 0
A51: di cui costi del personale Euro 0,00
A52: Imposte e tasse | B52: =Accoglienza!B15 -> 1086
A53: Totale | B53: =SUM(B48:B52) -> 49735
A61: Costi contabilizzati dei servizi erogati
O64: 1704014
O65: 941828
O66: 2912881
O67: 49735
O68: =SUM(O64:O67) -> 5608458
O70: =O64*100/O68 -> 30.382932
O71: =O65*100/O68 -> 16.792994
O72: =O66*100/O68 -> 51.937288
O73: =O67*100/O68 -> 0.88678564
A76: Andamento dei costi nel tempo

Sheet Riepilogativa Orizzontale
A2: Costi contabilizzati
A3: Anno 2020
A5: Servizi erogati ad anziani
A6: Struttura Polifunzionale "Villa Letizia"
A8: - COSTI -
A9: Descrizione | B9: Importo In Euro
A10: Costi di funzionamento diretto | B10: ='Riepilogativa Verticale'!B6 -> 1529895
A11: (Include il costo della gestione globale affidata alla nostra in-house)
A12: Costi di funzionamento indiretto | B12: ='Riepilogativa Verticale'!B8 -> 149894
A13: di cui costi del personale Euro 152.694,00
A14: Imposte e tasse | B14: ='Riepilogativa Verticale'!B10 -> 24225
A15: Totale | B15: =SUM(B10:B14)-0.01 -> 1704014 | G15: Servizi erogati a minori
G16: Nidi d'Infanzia
G18: - COSTI -
G19: Descrizione | H19: Importo In Euro
G20: Costi di funzionamento diretto | H20: ='Riepilogativa Verticale'!B20 -> 726930
G21: (Include il costo della gestione globale affidata alla nostra in-house)
G22: Costi di funzionamento indiretto | H22: ='Riepilogativa Verticale'!B22 -> 212503
G23: di cui costi del personale Euro 219.752,00
G24: Imposte e tasse | H24: ='Riepilogativa Verticale'!B24 -> 2395
G25: Totale | H25: =SUM(H20:H24) -> 941828
A26: Servizi di Riabilitazione
A27: Residenziale e Ambulatoriale
A29: - COSTI -
A30: Descrizione | B30: Importo In Euro
A31: Costi di funzionamento diretto | B31: ='Riepilogativa Verticale'!B34 -> 2404310
A32: (Include il costo della gestione globale affidata alla nostra in-house)
A33: Costi di funzionamento indiretto | B33: ='Riepilogativa Verticale'!B36 -> 453335
A34: di cui costi del personale Euro 358.715,00
A35: Imposte e tasse | B35: ='Riepilogativa Verticale'!B38 -> 55236
A36: Totale | B36: =SUM(B31:B35) -> 2912881 | G36: Servizi di Accoglienza
G37: Casa e Comunità Alloggio
G39: - COSTI -
G40: Descrizione | H40: Importo In Euro
G41: Costi di funzionamento diretto | H41: ='Riepilogativa Verticale'!B48 -> 48649
G42: (Include il costo della gestione globale affidata alla nostra in-house)
G43: Costi di funzionamento indiretto | H43: ='Riepilogativa Verticale'!B50 -> 0
G44: di cui costi del personale Euro 0,00
G45: Imposte e tasse | H45: ='Riepilogativa Verticale'!B52 -> 1086
G46: Totale | H46: =SUM(H41:H45) -> 49735
A49: Costi contabilizzati dei servizi erogati | G49: Andamento dei costi nel tempo

Sheet CONTROLLO
B1: Costi contabilizzati | D1: Bilancio
A2: ANZIANI | B2: 1704014 | D2: 1704015.3
A3: NIDI | B3: 941828 | D3: =232552.23+237644.65+210117.03+261513.89 -> 941827.8
A4: RESIDENZIALE + AMBULATORI | B4: 2912881 | D4: =1598312.58+566113.56+248946.53+262302.89+237205.04 -> 2912880.6
A5: ACCOGLIENZA | B5: 49735 | D5: =2455.21+47279.3 -> 49734.51
B6: =SUM(B2:B5) -> 5608458 | D6: =SUM(D2:D5) -> 5608458.2
